 Dungeon Crawl Stone Soup version 0.25-a0-464-g3004169c2b (webtiles) character file.

Game seed: 12433295760569616588, levelgen mode: deterministic

275 sking99 the Skirmisher (level 6, -1/48 HPs)
             Began as a Demonspawn Fighter on Feb 5, 2020.
             Slain by a crimson imp (3 damage)
             ... summoned by Natasha
             ... on level 3 of the Dungeon.
             The game lasted 00:03:39 (2717 turns).

sking99 the Skirmisher (Demonspawn Fighter)         Turns: 2717, Time: 00:03:40

Health: -1/48      AC:  6    Str: 21      XL:     6   Next: 3%
Magic:  6/6        EV:  7    Int: 14      God:
Gold:   111        SH:  9    Dex: 13 (14) Spells: 5/5 levels left

rFire    . . .     SeeInvis .   a - +0 war axe
rCold    . . .     Gourm    .   c - +0 shield
rNeg     . . .     Faith    .   b - +0 scale mail
rPois    .         Spirit   .   (no helmet)
rElec    .         Reflect  .   (no cloak)
rCorr    .         Harm     .   (no gloves)
MR       .....     Clarity  +   (no boots)
Stlth    ..........             (no amulet)
HPRegen  0.16/turn              (no ring)
MPRegen  0.10/turn              (no ring)

@: brilliant, slowed, very slow
A: talons 1, thin skeletal structure 1, clarity, spiny 1, strong 1
a: no special abilities


You were on level 3 of the Dungeon.
You were not hungry.

You visited 1 branch of the dungeon, and saw 3 of its levels.

You collected 111 gold pieces.

Inventory:

Hand Weapons
 a - a +0 war axe (weapon)
Armour
 b - a +0 scale mail (worn)
 c - a +0 shield (worn)
Scrolls
 e - 4 scrolls of identify {unknown}
 j - 2 scrolls of fear {unknown}
 k - a scroll of random uselessness {unknown}
 m - a scroll of fog {unknown}
 n - a scroll of magic mapping {unknown}
 p - 2 scrolls of remove curse {unknown}
 q - 2 scrolls of amnesia {unknown}
 r - a scroll of immolation {unknown}
Potions
 d - a potion of might
 h - a potion of mutation
 i - 2 potions of brilliance
 l - a potion of heal wounds {unknown}
 o - 2 potions of flight {unknown}
Comestibles
 f - 7 rations
 g - 3 chunks of flesh


   Skills:
 + Level 4.0 Fighting
 * Level 3.9 Axes
 + Level 3.6 Armour
 + Level 3.6 Shields


You had 5 spell levels left.
You didn't know any spells.
Your spell library contained the following spells:

 Spells                   Type           Power        Failure   Level  Hunger
 Animate Skeleton         Necr           N/A          32%         1    ##.....
 Apportation              Tloc           #.....       32%         1    ##.....
 Beastly Appendage        Tmut           #.....       32%         1    ##.....
 Corona                   Hex            #......      32%         1    ##.....
 Summon Small Mammal      Summ           #...         32%         1    ##.....
 Sticks to Snakes         Tmut           #.......     43%         2    ###....
 Spider Form              Tmut/Pois      #.........   63%         3    ####...
 Ice Form                 Ice/Tmut       #.......     92%         4    #####..
 Blade Hands              Tmut           #.........   99%         5    ######.


Dungeon Overview and Level Annotations

Branches:
Dungeon (3/15)

Altars:
Fedhas
Hepliaklqana
Sif Muna

Annotations:
D:3 Natasha


Innate Abilities, Weirdness & Mutations

You have sharp toenails.
You have a somewhat thin skeletal structure. (Dex +2, Stealth)
You are partially covered in sharp spines.
You possess an exceptional clarity of mind.
Your muscles are strong. (Str +2)


Message History

Natasha mumbles some strange words.
It was a potion of mutation.
You feel extremely strange.
Your thoughts seem clearer.
You feel stronger. You block the crimson imp's attack.
You closely miss the crimson imp. Your kick misses the crimson imp.
You slash the crimson imp! The crimson imp completely misses you.
You block the crimson imp's attack.
Natasha casts a spell.
The crimson imp is struck by your spines.
The crimson imp hits you but does no damage. x2
Natasha mumbles some strange words.
Natasha's front paws start to glow.
You miss the crimson imp. Your kick misses the crimson imp.
The crimson imp is lightly wounded.
You hit the crimson imp.
The crimson imp is struck by your spines.
The crimson imp hits you.
* * * LOW HITPOINT WARNING * * *
The crimson imp hits you.
You die...

.# .# ### ##.#
...
######..##.##
..?........
#..†).# #..[#
##5## #@# #5#
##h## ##...##
##..5..## .
##.......##
#.##.........###
##
#..'.........'..
..
#.##.........###
##


You could see an iron imp, Natasha and 2 crimson imps.

Vanquished Creatures
  A quasit (D:3)
  An iguana (D:3)
  Natasha (twice) (D:3)
  Robin (D:2)
  4 gnolls (D:2)
  2 adders
  2 oozes
  A worm (D:3)
  3 dart slugs
  4 leopard geckos
  An orc (D:3)
  3 giant cockroaches
  13 goblins
  15 hobgoblins
  6 kobolds
  2 quokkas (D:2)
  A ball python (D:1)
  6 bats
  6 frilled lizards
  7 rats
81 creatures vanquished.

Notes
Turn   | Place    | Note
-------+----------+-------------------------------------------
     0 | D:1      | sking99 the Demonspawn Fighter began the quest for the Orb.
     0 | D:1      | Reached XP level 1. HP: 18/18 MP: 1/1
    53 | D:1      | Gained mutation: You are partially covered in sharp spines.
                  | [demonic ancestry]
    53 | D:1      | Reached XP level 2. HP: 24/24 MP: 2/2
   325 | D:1      | Reached XP level 3. HP: 29/29 MP: 3/3
   379 | D:1      | Found a hazy altar of Hepliaklqana.
  1122 | D:2      | Reached XP level 4. HP: 35/35 MP: 4/4
  1690 | D:2      | Noticed Robin
  1702 | D:2      | Killed Robin
  1993 | D:2      | Gained mutation: You have a somewhat thin skeletal
                  | structure. (Dex +2, Stealth) [demonic ancestry]
  1993 | D:2      | Reached XP level 5. HP: 39/41 MP: 5/5
  2114 | D:2      | Found a blossoming altar of Fedhas.
  2400 | D:3      | Noticed Natasha
  2407 | D:3      | Killed Natasha
  2557 | D:3      | Found a shimmering blue altar of Sif Muna.
  2692 | D:3      | Noticed Natasha
  2700 | D:3      | Killed Natasha
  2700 | D:3      | Reached skill level 4 in Fighting
  2700 | D:3      | Gained mutation: You have sharp toenails. [demonic
                  | ancestry]
  2700 | D:3      | Reached XP level 6. HP: 17/48 MP: 6/6
  2709 | D:3      | Noticed Natasha
  2711 | D:3      | HP: 1/48 [Natasha/magic dart (7)]
  2715 | D:3      | Gained mutation: You possess an exceptional clarity of
                  | mind. [potion of mutation]
  2715 | D:3      | Gained mutation: Your muscles are strong. (Str +2) [potion
                  | of mutation]
  2717 | D:3      | HP: 2/48 [crimson imp[Natasha] (1)]
  2717 | D:3      | Slain by a crimson imp

Levels and vault maps discovered:
D:1:      minmay_arrival_radiant_lines, layout_loops_corners,
          kennysheep_flooded_box
D:2:      layout_loops_cross, fedhas_altar_4, uniq_robin
D:3:      layout_loops_corners, nicolae_overflow_crystal_walls, first_ration,
          uniq_natasha, uniq_ijyb

Skill      XL: |  1  2  3  4  5 |
---------------+----------------+-----
Axes           | 2 3 |  3.9
Shields        | 3 |  3.6
Armour         | 3 |  3.6
Fighting       | 4 |  4.0

Action                   |  1- 3 |  4- 6 || total
-------------------------+-------+-------++-------
Melee: War axe           |    90 |    84 ||   174
  Use: Potion            |       |     2 ||     2
  Eat: Chunk             |     1 |     5 ||     6
Armor: Scale mail        |    29 |    43 ||    72
Dodge: Dodged            |    24 |    20 ||    44
Block: Shield            |    52 |    60 ||   112

Table legend:
 A = Non-vault XP
 B = Vault XP
 C = Vault XP percentage of total XP
 D = Non-vault monster count
 E = Vault monster count
 F = Vault count percentage of total count
                 A         B        C        D         E       F
            +---------+---------+-------+---------+---------+-------
      Total |     322 |      72 |  18.3 |      67 |      14 |  17.3
            +---------+---------+-------+---------+---------+-------
        D:1 |      58 |       0 |   0.0 |      28 |       0 |   0.0
        D:2 |     111 |      37 |  25.0 |      27 |      13 |  32.5
        D:3 |     153 |      35 |  18.6 |      12 |       1 |   7.7
            +---------+---------+-------+---------+---------+-------
